 Dungeon Crawl Stone Soup version 0.14-a0-2723-gdc5d926 (webtiles) character file.

1082 Jenx the Ruinous (level 7, -7/50 HPs)
             Began as a Pale Draconian Wizard on Feb 19, 2014.
             Was a Believer of Vehumet.
             Mangled by an orc priest
             ... wielding a -1,+0 orcish trident
              (10 damage)
             ... on Level 5 of the Dungeon.
             The game lasted 00:15:10 (4353 turns).

Jenx the Ruinous (Pale Draconian Wizard)            Turns: 4353, Time: 00:15:11

HP  -7/50        AC  9     Str 10      XL: 7   Next: 54%
MP  17/18        EV 12     Int 20      God: Vehumet [**....]
Gold 307         SH  0     Dex  9      Spells:  4 memorised,  7 levels left

rFire  . . .     SeeInvis .     b - +2 spear (freeze)
rCold  . . .     Clarity  .     (armour unavailable)
rNeg   . . .     Conserve .     (no shield)
rPois  .         rCorr    .     J - +0 hat
rElec  .         rRot     .     (no cloak)
SustAb . .       Spirit   .     i - +2 pair of gloves
rMut   .         Warding  .     (no boots)
Saprov . . .     Stasis   .     (no amulet)
MR     .....                    (no ring)
                                x - ring of sustenance

@: flying, not resistant to hostile enchantments, unstealthy
A: breathe steam, unfitting armour, AC +6
a: Breathe Steam, Renounce Religion


You were on level 5 of the Dungeon.
You worshipped Vehumet.
Vehumet was pleased with you.
You were hungry.

You visited 1 branch of the dungeon, and saw 5 of its levels.

You collected 307 gold pieces.

Inventory:

Hand weapons
 a - a +1,+1 orcish dagger of venom
 b - a +2,+2 spear of freezing (weapon)
Armour
 i - a +2 pair of gloves (worn)
 J - a +0 hat (worn)
Magical devices
 v - a wand of slowing (10)
 H - a wand of fire (2)
Comestibles
 d - 4 bread rations
 j - a rotting chunk of goblin flesh
 u - a pear
 w - 2 rotting chunks of goblin flesh
 E - 2 chunks of jackal flesh
 F - a chunk of giant newt flesh
Scrolls
 e - 2 scrolls of recharging {unknown}
 g - 3 scrolls of remove curse
 k - a scroll of enchant weapon I {unknown}
 l - 3 scrolls of teleportation
 m - a scroll of curse weapon {unknown}
 o - a scroll of fear {unknown}
 p - 2 scrolls of blinking
 r - a scroll of immolation {unknown}
 t - a scroll of magic mapping {unknown}
 y - 3 scrolls of enchant weapon II {unknown}
 C - a scroll of fog {unknown}
Jewellery
 x - a ring of sustenance (left hand)
 B - an uncursed ring of hunger {unknown}
Potions
 f - a potion of might {unknown}
 h - a potion of beneficial mutation {unknown}
 q - a potion of restore abilities {unknown}
 s - a potion of magic {unknown}
 z - a potion of flight
 A - a potion of speed {unknown}
 D - a potion of curing {unknown}
 G - a potion of brilliance {unknown}
Books
 c - a book of Minor Magic

   Spells                             Type                      Level
   *Magic Dart                        Conjuration                  1
   *Blink                             Translocation                2
   Call Imp                           Summoning                    2
   *Repel Missiles                    Charms/Air                   2
   Slow                               Hexes                        2
   Conjure Flame                      Conjuration/Fire             3
   *Mephitic Cloud                    Conjuration/Poison/Air       3
 n - a book of Wizardry

   Spells                             Type                      Level
   Summon Elemental                   Summoning                    4
   Agony                              Necromancy                   5
   Force Lance                        Conjuration                  5
   Fireball                           Conjuration/Fire             5
   Haste                              Charms                       6
   Invisibility                       Hexes                        6


   Skills:
 - Level 1.7 Dodging
 - Level 1.7 Stealth
 * Level 4.9 Spellcasting
 + Level 6.9 Conjurations
   Level 1.0 Summonings
 - Level 1.0 Translocations
 - Level 1.0 Air Magic
 - Level 1.3 Poison Magic


You had 7 spell levels left.
You knew the following spells:

 Your Spells              Type           Power        Failure   Level  Hunger
a - Magic Dart            Conj           ####         1%          1    None
b - Blink                 Tloc           N/A          14%         2    None
c - Mephitic Cloud        Conj/Pois/Air  ###.....     12%         3    ###....
d - Repel Missiles        Chrm/Air       #.....       17%         2    None


Dungeon Overview and Level Annotations

Branches:
Dungeon (5/16)
 Temple: D:4-7

Altars:
Ashenzari
Cheibriados
Elyvilon
Nemelex Xobeh
Sif Muna
Vehumet
Xom
The Shining One


Message History

You closely miss the orc priest.
The orc priest calls down the wrath of Beogh upon you.
Something smites you!
* * * LOW HITPOINT WARNING * * *
You hit the orc priest. You freeze the orc priest.
The orc priest is heavily wounded.
The orc priest hits you with an orcish trident.
* * * LOW HITPOINT WARNING * * *
Drink which item? (? for menu, Esc to quit)
You feel very buoyant.
You fly up into the air.
It was a potion of flight.
The orc priest misses you.
Casting: Magic Dart
Confirm with . or Enter, or press ? or * to list all spells.
Aiming: Magic Dart
Press: ? - help, Shift-Dir - straight line, f - orc priest
Aim: an orc priest, wielding an orcish trident (heavily wounded)
The magic dart hits the orc priest.
The orc priest is heavily wounded.
The orc priest hits you with an orcish trident!
You die...

.......[............l..........#
...............................
..............................
....................... ...
......%.................
........................
...#########............ ...#
####.......... ...# ##@.........
...# #o......... ...#
##.......... ...#
####...........# ...#
#.............# ...#
#............## ...#
#..o!.......## ..##
....o..........## .#
.............##


You could see an orc priest and an orc.

Vanquished Creatures
  Prince Ribbit (D:5)
  A phantom (D:5)
  A centaur (D:5)
  A crimson imp (D:5)
  A centaur zombie (D:5)
  A scorpion (D:5)
  2 orc wizards
  An iguana (D:4)
  A worker ant (D:5)
  Ijyb (D:2)
  5 adders
  6 gnolls
  2 worms (D:2)
  2 giant geckos
  5 orcs
  4 ball pythons
  4 giant cockroaches
  11 goblins
  12 hobgoblins
  9 jackals
  12 kobolds
  9 bats
  A giant gecko zombie (D:5)
  6 giant newts
  A goblin skeleton (D:5)
  2 quokkas (D:2)
  7 rats
109 creatures vanquished.

Notes
Turn   | Place    | Note
--------------------------------------------------------------
     0 | D:1      | Jenx, the Draconian Wizard, began the quest for the Orb.
     0 | D:1      | Reached XP level 1. HP: 14/14 MP: 4/4
   237 | D:1      | Reached XP level 2. HP: 12/20 MP: 0/6
   536 | D:1      | Learned a level 2 spell: Blink
   547 | D:1      | Reached XP level 3. HP: 24/26 MP: 4/7
   576 | D:1      | Learned a level 3 spell: Mephitic Cloud
   579 | D:1      | Learned a level 2 spell: Repel Missiles
  1228 | D:2      | Found a radiant altar of Vehumet.
  1248 | D:2      | Reached skill level 1 in Air Magic
  1249 | D:2      | Became a worshipper of Vehumet
  1329 | D:2      | Noticed Ijyb
  1413 | D:2      | Killed Ijyb
  1413 | D:2      | Reached skill level 1 in Poison Magic
  1555 | D:2      | Reached XP level 4. HP: 31/33 MP: 5/9
  1637 | D:2      | Found a snail-covered altar of Cheibriados.
  2057 | D:3      | Found a shattered altar of Ashenzari.
  2149 | D:3      | Found a sparkling altar of Nemelex Xobeh.
  2207 | D:3      | Acquired Vehumet's first power
  2207 | D:3      | Offered knowledge of Sandblast by Vehumet.
  2207 | D:3      | Reached skill level 4 in Conjurations
  2452 | D:3      | Reached XP level 5. HP: 35/38 MP: 8/11
  2657 | D:3      | Found a deep blue altar of Sif Muna.
  2660 | D:3      | Found a shimmering altar of Xom.
  2660 | D:3      | Found a glowing golden altar of the Shining One.
  2835 | D:4      | Found a white marble altar of Elyvilon.
  3112 | D:4      | Reached skill level 5 in Conjurations
  3763 | D:5      | Entered Level 5 of the Dungeon
  3766 | D:5      | Noticed a phantom
  3947 | D:5      | Noticed a centaur
  3952 | D:5      | Reached XP level 6. HP: 23/45 MP: 5/12
  3970 | D:5      | Killed a centaur
  3970 | D:5      | Offered knowledge of Throw Frost by Vehumet.
  3970 | D:5      | Reached skill level 6 in Conjurations
  4120 | D:5      | Noticed Prince Ribbit
  4170 | D:5      | Killed Prince Ribbit
  4170 | D:5      | Your scales start fading to a pale cyan-grey colour.
  4170 | D:5      | Reached XP level 7. HP: 26/50 MP: 4/17
  4182 | D:5      | Killed a phantom
  4353 | D:5      | Mangled by an orc priest

Action                   |  1- 3 |  4- 6 |  7- 9 || total
-------------------------+-------+-------+-------++-------
Melee: Mace              |    12 |       |       ||    12
       Unarmed           |     5 |       |       ||     5
       Flail             |    45 |    57 |       ||   102
       Quarterstaff      |       |    16 |       ||    16
       Dagger            |       |    69 |       ||    69
       Spear             |       |    52 |    36 ||    88
 Cast: Magic Dart        |    62 |    65 |     5 ||   132
       Mephitic Cloud    |     1 |     7 |     1 ||     9
 Abil: Breathe Steam     |       |       |     1 ||     1
Evoke: Wand              |       |     1 |       ||     1
  Use: Scroll            |       |     3 |       ||     3
       Potion            |       |       |     1 ||     1
 Stab: Sleeping          |     1 |       |       ||     1
       Confused          |       |     4 |       ||     4
